 Dungeon Sprint DCSS version 0.21.1-1-g345015f (webtiles) character file.

51459 wilfster70 the Warrior (level 14, 0/147 HPs)
             Began as a Hill Orc Monk on June 8, 2018.
             Was the Champion of Cheibriados.
             Killed by a guardian mummy's death curse (25 damage)
             ... in the Dungeon (Sprint V: "Ziggurat Sprint") on June 11, 2018.
             The game lasted 00:20:49 (2343 turns).

wilfster70 the Warrior (Hill Orc Monk)              Turns: 2343, Time: 00:20:50

Health: 0/147      AC: 30    Str: 36    XL:     14   Next: 59%
Magic:  7/26       EV: 16    Int: 29    God:    Cheibriados [******]
Gold:   0          SH: 35    Dex: 31    Spells: 24/30 levels left

rFire    + + .     SeeInvis +   F - +14 obsidian axe {chop, +Fly SInv *Curse} (curse)
rCold    + . .     Gourm    .   G - +18 shield of the Gong {rElec rN+ MR+ EV-5}
rNeg     + + +     Faith    .   E - +5 gold dragon scales
rPois    +         Spirit   .   (no helmet)
rElec    +         Reflect  .   A - scarf {cloud immunity}
rCorr    .         Harm     .   N - +2 pair of gloves {Dex+3}
MR       +++++     Clarity  +   (no boots) Stlth ..........NoTele +
                                H - amulet of the Four Winds {rN+ MR+++ Clar}
HPRegen  0.34/turn              O - ring of Elyvilon's Delight {rPois rN+ Str+5 Stlth+}
MPRegen  0.20/turn              V - ring of Tomorrow {Wiz rF+ Str+3}

@: mesmerised, very slow
A: berserk 1, weak 1
a: Bend Time, Temporal Distortion, Slouch, Step From Time, Renounce Religion,
Evoke Flight


You were in the Dungeon.
You worshipped Cheibriados.
Cheibriados was exalted by your worship.
You were hungry.

You visited 1 branch

Inventory:

Hand Weapons
 F - the cursed +14 obsidian axe (weapon) {chop, +Fly SInv *Curse}
   (You found it in the Dungeon)

   It inflicts extra damage upon your enemies.
   It lets you see invisible.
   It lets you fly.
   It curses itself when equipped.
   It has a curse placed upon it.
Armour
 A - a scarf of cloud immunity (worn)
 E - +5 gold dragon scales (worn)
 G - the +18 shield of the Gong (worn) {rElec rN+ MR+ EV-5}
   (You found it in the Dungeon)

   It affects your evasion (-5).
   It insulates you from electricity.
   It protects you from negative energy.
   It affects your resistance to hostile enchantments.
 N - a +2 pair of gloves of dexterity (worn)
Jewellery
 H - the amulet of the Four Winds (around neck) {rN+ MR+++ Clar}
   (You found it in the Dungeon)

   [amulet of nothing]

   It protects you from negative energy.
   It affects your resistance to hostile enchantments.
   It protects you against confusion.
 O - the ring of Elyvilon's Delight (left hand) {rPois rN+ Str+5 Stlth+}
   (You found it in the Dungeon)

   [ring of strength]

   It affects your strength (+5).
   It protects you from poison.
   It protects you from negative energy.
   It makes you more stealthy.
 V - the ring of Tomorrow (right hand) {Wiz rF+ Str+3}
   (You took it off a purple draconian in the Dungeon)

   [ring of wizardry]

   It improves your spell success rate.
   It affects your strength (+3).
   It protects you from fire.
 X - the brooch of Shielding {Reflect SH+8}
   (You found it in the Dungeon)

   [amulet of reflection]

   It shields you and reflects attacks.
   It affects your SH (+8).
Wands
 B - a wand of disintegration (7)
 C - a wand of iceblast (7)
 D - a wand of acid (7)
Scrolls
 i - 4 scrolls of blinking
 p - 4 scrolls of amnesia
 q - 8 scrolls of fog
 r - a scroll of holy word
 s - 4 scrolls of identify
 t - 5 scrolls of remove curse
 u - 2 scrolls of fear
 Q - 2 scrolls of brand weapon
 W - 4 scrolls of enchant armour
Potions
 d - 10 potions of curing
 e - 8 potions of heal wounds
 f - 6 potions of haste
 g - 7 potions of magic
 h - 3 potions of berserk rage
 j - 2 potions of brilliance
 k - 2 potions of invisibility
 l - 4 potions of resistance
 n - 5 potions of agility
 o - 5 potions of might
Books
 b - a book of Flames

   Spells                             Type                      Level
   a - Flame Tongue                   Conjuration/Fire             1
   b - Throw Flame                    Conjuration/Fire             2
   c - Conjure Flame                  Conjuration/Fire             3
   d - Inner Flame                    Hexes/Fire                   3
   e - Sticky Flame                   Conjuration/Fire             4
   f - Fireball                       Conjuration/Fire             5
 m - a book of Debilitation

   Spells                             Type                      Level
   a - Corona                         Hexes                        1
   b - Slow                           Hexes                        2
   c - Inner Flame                    Hexes/Fire                   3
   d - Portal Projectile              Hexes/Translocation          3
   e - Cause Fear                     Hexes                        4
   f - Leda's Liquefaction            Hexes/Earth                  4
 v - the Tome of Creative Ignition
   (You found it in the Dungeon)

   Spells                             Type                      Level
   a - Conjure Flame                  Conjuration/Fire             3
   b - Summon Ice Beast               Ice/Summoning                4
   c - Bolt of Magma                  Conjuration/Fire/Earth       5
   d - Aura of Abjuration             Summoning                    5
 w - a Fen Folio

   Spells                             Type                      Level
   a - Corpse Rot                     Necromancy                   2
   b - Stone Arrow                    Conjuration/Earth            3
   c - Leda's Liquefaction            Hexes/Earth                  4
   d - Summon Forest                  Summoning/Translocation      5
   e - Hydra Form                     Transmutation                6
   f - Summon Hydra                   Summoning                    7
 x - the Almanac of Confrontation
   (You found it in the Dungeon)

   Spells                             Type                      Level
   a - Sticky Flame                   Conjuration/Fire             4
   b - Force Lance                    Conjuration/Translocation    4
   c - Throw Icicle                   Conjuration/Ice              4
   d - Bolt of Cold                   Conjuration/Ice              6
 y - a book of Battle

   Spells                             Type                      Level
   a - Infusion                       Charms                       1
   b - Shroud of Golubria             Charms/Translocation         2
   c - Song of Slaying                Charms                       2
   d - Spectral Weapon                Hexes/Charms                 3
   e - Regeneration                   Charms/Necromancy            3
 z - a book of Unlife

   Spells                             Type                      Level
   a - Recall                         Summoning/Translocation      3
   b - Animate Dead                   Necromancy                   4
   c - Borgnjor's Vile Clutch         Necromancy/Earth             5
   d - Death Channel                  Necromancy                   6
   e - Simulacrum                     Ice/Necromancy               6
 J - a book of Power

   Spells                             Type                      Level
   a - Iskenderun's Battlesphere      Conjuration/Charms           5
   b - Venom Bolt                     Conjuration/Poison           5
   c - Bolt of Magma                  Conjuration/Fire/Earth       5
   d - Iron Shot                      Conjuration/Earth            6
   e - Orb of Destruction             Conjuration                  7
   f - Spellforged Servitor           Conjuration/Summoning        7
 K - a book of Debilitation

   Spells                             Type                      Level
   a - Corona                         Hexes                        1
   b - Slow                           Hexes                        2
   c - Inner Flame                    Hexes/Fire                   3
   d - Portal Projectile              Hexes/Translocation          3
   e - Cause Fear                     Hexes                        4
   f - Leda's Liquefaction            Hexes/Earth                  4
 L - Piefysh's Collected Works on Weightlessness and Orientation
   (You found it in the Dungeon)

   Spells                             Type                      Level
   a - Apportation                    Translocation                1
   b - Gell's Gravitas                Translocation                3
   c - Teleport Other                 Translocation                3
   d - Freezing Cloud                 Conjuration/Ice/Air          6
   e - Malign Gateway                 Summoning/Translocation      7
 M - the Compendium of Earthen Moulding
   (You found it in the Dungeon)

   Spells                             Type                      Level
   a - Passwall                       Transmutation/Earth          2
   b - Yara's Violent Unravelling     Hexes/Transmutation          5
   c - Alistair's Intoxication        Transmutation/Poison         5
 R - the Reference Book on Assistive Moulding
   (You found it in the Dungeon)

   Spells                             Type                      Level
   a - Infusion                       Charms                       1
   b - Spectral Weapon                Hexes/Charms                 3
   c - Irradiate                      Conjuration/Transmutation    5
   d - Blade Hands                    Transmutation                5
   e - Deflect Missiles               Charms/Air                   6
 T - a book of Geomancy

   Spells                             Type                      Level
   a - Sandblast                      Earth                        1
   b - Passwall                       Transmutation/Earth          2
   c - Stone Arrow                    Conjuration/Earth            3
   d - Petrify                        Transmutation/Earth          4
   e - Lee's Rapid Deconstruction     Earth                        5
 Z - a book of Dreams

   Spells                             Type                      Level
   a - Ensorcelled Hibernation        Hexes/Ice                    2
   b - Borgnjor's Vile Clutch         Necromancy/Earth             5
   c - Silence                        Hexes/Air                    5
   d - Darkness                       Hexes                        6
   e - Shadow Creatures               Summoning                    6
Miscellaneous
 a - a sack of spiders
 I - a lightning rod (4/4)
 P - a lightning rod (4/4)
 U - a lightning rod (4/4)
Comestibles
 c - 6 rations


   Skills:
 + Level 19.7 Fighting
 - Level 18.0 Axes
 + Level 18.1 Armour
 + Level 14.7 Dodging
 - Level 1.5 Stealth
 - Level 15.0 Shields
 + Level 8.6 Spellcasting
 + Level 12.0 Fire Magic
 - Level 13.6 Invocations


You had 24 spell levels left.
You knew the following spells:

 Your Spells              Type           Power        Failure   Level  Hunger
a - Sandblast             Erth           ##....       14%         1    None
b - Fireball              Conj/Fire      #####.....   32%         5    ####...


Dungeon Overview and Level Annotations

Branches:
Dungeon (1/1)

Altars:
Ashenzari
Cheibriados
Dithmenos
Elyvilon
Fedhas
Gozag
Hepliaklqana
Kikubaaqudgha
Makhleb
Nemelex Xobeh
Okawaru
Qazlal
Ru
Sif Muna
Trog
Uskayaw
Vehumet
Wu Jian
Xom
Yredelemnul
Zin
The Shining One
Beogh
Jiyva
Lugonu


Innate Abilities, Weirdness & Mutations

You tend to lose your temper in combat.
You are weak. (Str -2)


Message History

GONNNNG!
The emperor scorpion claws you but does no damage.
Found eight items.
A mummy priest comes into view.
You slash the guardian mummy! You open a gate to Pandemonium!
A demon appears!
You destroy the guardian mummy!
Cheibriados thoroughly appreciates the change of pace.
You feel extremely nervous for a moment...
You convulse helplessly as pain tears through your body!
* * * LOW HITPOINT WARNING * * *
You hit the emperor scorpion.
You kill the emperor scorpion!
The emperor scorpion's corpse disappears in a puff of smoke!
Visions of slaying the emperor scorpion flood into your mind.
You slash the guardian mummy!
You destroy the guardian mummy!
Cheibriados appreciates the change of pace.
You feel extremely nervous for a moment...
You convulse helplessly as pain tears through your body!
You die...

▓....}[.|:
▓..|)=|.):::..▓...."....
▓..")}.)})}!M.▓.........
▓........§....▓.........
▓..M....MMs...▓.....)...
▓....MsM8sM...▓..▓.....▓
▓....M.MMs....▓.▓.▓...▓.
▓.......§.....▓..▓.....▓
..▓...@Ms.▓..▓.....©...
▓ ▓.▓...4.▓.▓ ▓▓▓▓▓▓▓▓▓▓
▓..▓.......▓..▓....8©8..
▓.............▓..}|[:).|
▓......©......▓...))"}..
▓▓▓▓▓▓▓▓▓▓▓▓▓▓▓......)..
▓......... ▓.........
▓....)....


You could see a greater mummy, 5 emperor scorpions, 2 mummy priests, 2 guardian
mummies, an ushabti, 6 mummies and a friendly ice devil.

Vanquished Creatures
  A pandemonium lord (D)
  A frost giant (D)
  2 spriggan defenders (D)
  A corrupter (D)
  A green draconian (D)
  A white draconian (D)
  5 black draconians (D)
  3 yellow draconians (D)
  3 red draconians (D)
  A dire elephant (D)
  2 purple draconians (D)
  2 merfolk javelineers (D)
  3 merfolk impalers (D)
  A mummy priest (D)
  A blizzard demon (D)
  3 spriggan air magi (D)
  2 merfolk aquamancers (D)
  A dancing weapon (D)
  An anaconda (shapeshifter) (D)
  A satyr (D)
  2 deep elf knights (D)
  A deep elf archer (D)
  3 shining eyes (D)
  A mana viper (shapeshifter) (D)
  A deep elf mage (D)
  A shining eye (shapeshifter) (D)
  4 ugly things (D)
  A faun (shapeshifter) (D)
  An oklob plant (D)
  A cyclops (D)
  5 draconians (D)
  A rust devil (D)
  2 smoke demons (D)
  2 freezing wraiths (D)
  2 orange demons (D)
  A rime drake (D)
  A dryad (D)
  A guardian mummy (D)
  2 hellwings (D)
  A red devil (D)
  A blink frog (shapeshifter) (D)
  2 polar bears (D)
  A hornet (shapeshifter) (D)
  A slime creature (D)
  A snapping turtle (D)
  A dream sheep (shapeshifter) (D)
  A hippogriff (shapeshifter) (D)
  A flying skull (D)
  A raiju (shapeshifter) (D)
  A redback (D)
  A yak (D)
  6 neqoxecs (D)
  An ushabti (D)
  A golden eye (D)
  A swamp worm (shapeshifter) (D)
  3 porcupines (D)
  2 large abominations (D)
  2 ice beasts (D)
  A black bear (shapeshifter) (D)
  A crocodile (D)
  2 bullfrogs (D)
  An iguana (D)
  6 mummies (D)
  A shadow imp (D)
  An adder skeleton (D)
  An adder simulacrum (D)
  2 giant cockroach zombies (D)
  A leopard gecko skeleton (D)
  A quokka simulacrum (D)
  2 butterflies (D)
118 creatures vanquished.

Vanquished Creatures (collateral kills)
  A pandemonium lord (D)
  A red draconian (D)
  An ice devil (D)
  A red devil (D)
  A necrophage (D)
  A wight (D)
  2 jellies (D)
  A white imp (D)
  A bat skeleton (D)
  3 ball pythons (D)
  A giant cockroach zombie (D)
14 creatures vanquished.

Vanquished Creatures (others)
  A red draconian (D)
  A blizzard demon (D)
2 creatures vanquished.

Grand Total: 134 creatures vanquished

Notes
Turn   | Place    | Note
-------+----------+-------------------------------------------
     0 | D        | Found the +6 Majin-Bo {vamp, Archmagi MP+6 Int+6}
     0 | D        | Found the +7 great mace "Firestarter" {inner flame, rF++}
     0 | D        | wilfster70 the Hill Orc Monk began the quest for the Orb.
     0 | D        | Reached XP level 1. HP: 19/19 MP: 1/1
     0 | D        | Found a deep blue altar of Sif Muna.
     0 | D        | Found a sacrificial altar of Ru.
     0 | D        | Found a bloodstained altar of Trog.
     0 | D        | Found a stormy altar of Qazlal.
     0 | D        | Found an iron altar of Okawaru.
     0 | D        | Found a sparkling altar of Nemelex Xobeh.
     0 | D        | Found a blossoming altar of Fedhas.
     2 | D        | Found a transporter.
     2 | D        | Found an ancient bone altar of Kikubaaqudgha.
     2 | D        | Found a viscous altar of Jiyva.
     2 | D        | Found a corrupted altar of Lugonu.
     2 | D        | Found a hazy altar of Hepliaklqana.
     2 | D        | Found a burning altar of Makhleb.
     2 | D        | Found an opulent altar of Gozag.
    50 | D        | Became a worshipper of Cheibriados the Contemplative
    50 | D        | Reached * piety under Cheibriados
    50 | D        | Reached ** piety under Cheibriados
    64 | D        | Found the +9 heavy crossbow "Sniper" {velocity, Acc+∞ SInv}
    64 | D        | Found the +10 dark maul {crush}
    64 | D        | Found the +15 Maxwell's patent armour {-Cast -Tele rElec MR+ rCorr}
    64 | D        | Found the +18 shield of the Gong {rElec rN+ MR+ EV-5}
    64 | D        | Found the cursed +14 obsidian axe {chop, +Fly SInv *Curse}
    76 | D        | Reached skill level 5 in Fighting
    76 | D        | Reached skill level 5 in Axes
    76 | D        | Reached XP level 2. HP: 29/29 MP: 1/4
   109 | D        | Entered arena 2.
   109 | D        | Noticed a draconian
   109 | D        | Noticed a draconian
   109 | D        | Found a transporter.
   116 | D        | Killed a draconian
   116 | D        | Reached skill level 8 in Fighting
   116 | D        | Reached skill level 5 in Dodging
   116 | D        | Reached XP level 3. HP: 40/40 MP: 5/8
   116 | D        | Reached XP level 4. HP: 48/48 MP: 5/9
   116 | D        | Reached XP level 5. HP: 53/53 MP: 5/10
   116 | D        | Reached XP level 6. HP: 61/61 MP: 5/11
   118 | D        | Killed a draconian
   118 | D        | Reached skill level 9 in Fighting
   118 | D        | Reached XP level 7. HP: 70/70 MP: 5/13
   129 | D        | Entered arena 3.
   129 | D        | Found a transporter.
   130 | D        | Reached *** piety under Cheibriados
   138 | D        | Identified the Tome of Creative Ignition (You found it in the Dungeon)
   141 | D        | Entered arena 4.
   141 | D        | Noticed a slime creature
   141 | D        | Noticed a golden eye
   141 | D        | Found a transporter.
   143 | D        | Reached **** piety under Cheibriados
   143 | D        | Reached skill level 10 in Axes
   144 | D        | Killed a golden eye
   144 | D        | Reached XP level 8. HP: 78/78 MP: 10/14
   145 | D        | Killed a slime creature
   145 | D        | Reached ***** piety under Cheibriados
   153 | D        | Entered arena 5.
   153 | D        | Found a transporter.
   154 | D        | Found the amulet of the Four Winds {rN+ MR+++ Clar}
   162 | D        | Entered arena 6.
   162 | D        | Noticed a deep elf knight
   162 | D        | Noticed a deep elf knight
   162 | D        | Noticed a deep elf mage
   162 | D        | Noticed a mace of protection
   162 | D        | Noticed a deep elf archer
   162 | D        | Found a transporter.
   168 | D        | Killed a deep elf mage
   168 | D        | Reached skill level 10 in Fighting
   168 | D        | Reached skill level 10 in Invocations
   170 | D        | Killed a mace of protection
   170 | D        | Reached XP level 9. HP: 86/86 MP: 15/17
   171 | D        | Killed a deep elf knight
   171 | D        | Reached ****** piety under Cheibriados
   171 | D        | Reached skill level 11 in Fighting
   171 | D        | Killed a deep elf knight
   172 | D        | Killed a deep elf archer
   172 | D        | Reached skill level 10 in Armour
   172 | D        | Reached skill level 10 in Shields
   191 | D        | Entered arena 7.
   191 | D        | Noticed a hellwing
   191 | D        | Noticed a red devil
   191 | D        | Noticed Hehyugig the pandemonium lord
   191 | D        | Noticed an ice devil
   192 | D        | Found a transporter.
   196 | D        | Noticed a shining eye
   197 | D        | Killed Hehyugig the pandemonium lord
   197 | D        | Reached skill level 12 in Fighting
   197 | D        | Reached XP level 10. HP: 98/100 MP: 17/20
   200 | D        | Reached skill level 13 in Fighting
   200 | D        | Reached XP level 11. HP: 85/107 MP: 17/21
   273 | D        | Entered arena 8.
   273 | D        | Noticed a draconian
   273 | D        | Noticed a black draconian
   273 | D        | Noticed a draconian
   273 | D        | Noticed a black draconian
   273 | D        | Noticed a draconian
   273 | D        | Noticed a white draconian
   274 | D        | Found a transporter.
   279 | D        | Killed a draconian
   280 | D        | Killed a draconian
   281 | D        | Killed a draconian
   282 | D        | Killed a black draconian
   282 | D        | Reached skill level 10 in Dodging
   284 | D        | Killed a black draconian
   284 | D        | Reached skill level 14 in Fighting
   284 | D        | Reached skill level 15 in Axes
   286 | D        | Killed a white draconian
   295 | D        | Got the ring of Deskoujo {Str+4 Stlth-}
   510 | D        | Entered arena 9.
   510 | D        | Noticed a white ugly thing
   510 | D        | Noticed a shining eye
   510 | D        | Noticed a red ugly thing
   510 | D        | Noticed a shining eye
   510 | D        | Noticed a shining eye
   513 | D        | Killed a white ugly thing
   513 | D        | Killed a red ugly thing
   513 | D        | Gained mutation: You tend to lose your temper in combat. [a shining eye]
   515 | D        | Found a transporter.
   517 | D        | Gained mutation: You are weak. (Str -2) [a shining eye]
   518 | D        | Killed a shining eye
   518 | D        | Killed a shining eye
   518 | D        | Killed a shining eye
   518 | D        | Reached XP level 12. HP: 118/118 MP: 2/22
   529 | D        | Identified Piefysh's Collected Works on Weightlessness and Orientation (You found it in the Dungeon)
   535 | D        | Identified the Compendium of Earthen Moulding (You found it in the Dungeon)
   615 | D        | Entered arena 10.
   617 | D        | Found a transporter.
   624 | D        | Got the ring "Heuskoc" {rPois EV+3 Slay-2 Stlth+}
   635 | D        | Got the ring of Elyvilon's Delight {rPois rN+ Str+5 Stlth+}
   649 | D        | Entered arena 11.
   649 | D        | Noticed a mummy priest
   653 | D        | Found a transporter.
   656 | D        | Killed a mummy priest
   656 | D        | Reached skill level 15 in Fighting
   656 | D        | Noticed a soul eater
   891 | D        | Entered arena 12.
   891 | D        | Noticed a satyr
   891 | D        | Noticed a merfolk javelineer
   891 | D        | Noticed a merfolk impaler
   891 | D        | Noticed a merfolk impaler
   891 | D        | Noticed a merfolk aquamancer
   892 | D        | Noticed a merfolk impaler
   892 | D        | Noticed a merfolk javelineer
   893 | D        | Noticed a merfolk aquamancer
   895 | D        | Killed a merfolk aquamancer
   899 | D        | Killed a merfolk aquamancer
   900 | D        | Killed a merfolk impaler
   901 | D        | Found a transporter.
   903 | D        | Killed a merfolk impaler
   903 | D        | Killed a merfolk javelineer
   908 | D        | Killed a satyr
   910 | D        | Killed a merfolk javelineer
   910 | D        | Reached skill level 16 in Fighting
   912 | D        | Killed a merfolk impaler
  1080 | D        | Got the amulet "Qarisi" {Spirit rC- Dex+5 SInv}
  1101 | D        | Learned a level 1 spell: Sandblast
  1107 | D        | Learned a level 5 spell: Fireball
  1108 | D        | Entered arena 13.
  1108 | D        | Noticed a spriggan defender
  1108 | D        | Noticed a dire elephant
  1110 | D        | Noticed a spriggan air mage
  1110 | D        | Noticed a spriggan air mage
  1110 | D        | Noticed a spriggan air mage
  1110 | D        | Killed a spriggan defender
  1110 | D        | Reached skill level 1 in Spellcasting
  1111 | D        | Reached XP level 13. HP: 130/130 MP: 12/23
  1111 | D        | Reached skill level 15 in Armour
  1111 | D        | Reached skill level 15 in Shields
  1112 | D        | Noticed a spriggan defender
  1117 | D        | Killed a dire elephant
  1117 | D        | Killed a spriggan defender
  1117 | D        | Reached skill level 17 in Fighting
  1117 | D        | Reached skill level 5 in Fire Magic
  1119 | D        | Found a transporter.
  1127 | D        | HP: 5/132 [acid (16)]
  1522 | D        | Entered arena 14.
  1523 | D        | Noticed a gelid corrupter
  1524 | D        | Noticed a sphinx
  1524 | D        | Noticed a mummy priest
  1527 | D        | Noticed Owomeo the pandemonium lord
  1529 | D        | Found a transporter.
  1529 | D        | Noticed a mummy priest
  1533 | D        | Killed a gelid corrupter
  1536 | D        | HP: 6/133 [Owomeo the pandemonium lord/bolt of cold (28)]
  1554 | D        | Killed Owomeo the pandemonium lord
  1554 | D        | Reached skill level 5 in Spellcasting
  1805 | D        | Entered arena 15.
  1806 | D        | Noticed a blizzard demon
  1806 | D        | Noticed a blizzard demon
  1807 | D        | Found the brooch of Shielding {Reflect SH+8}
  1807 | D        | Noticed a frost giant
  1811 | D        | Killed a blizzard demon
  1812 | D        | Killed a blizzard demon
  1812 | D        | Reached skill level 18 in Fighting
  1813 | D        | Found a transporter.
  1816 | D        | Killed a frost giant
  2015 | D        | Identified the Reference Book on Assistive Moulding (You found it in the Dungeon)
  2027 | D        | Entered arena 16.
  2028 | D        | Noticed a green draconian
  2028 | D        | Noticed a red draconian
  2028 | D        | Noticed a yellow draconian
  2028 | D        | Noticed a red draconian
  2028 | D        | Noticed a red draconian
  2028 | D        | Noticed a yellow draconian
  2028 | D        | Noticed a black draconian
  2028 | D        | Noticed a black draconian
  2028 | D        | Noticed a purple draconian
  2028 | D        | Noticed a red draconian
  2029 | D        | Noticed a purple draconian
  2030 | D        | Noticed a yellow draconian
  2030 | D        | Noticed a black draconian
  2032 | D        | Noticed a red draconian
  2032 | D        | Killed a red draconian
  2034 | D        | Killed a purple draconian
  2034 | D        | Killed a green draconian
  2034 | D        | Reached XP level 14. HP: 114/144 MP: 4/24
  2034 | D        | Killed a yellow draconian
  2035 | D        | Killed a yellow draconian
  2036 | D        | Killed a black draconian
  2036 | D        | Reached skill level 10 in Fire Magic
  2037 | D        | Killed a black draconian
  2037 | D        | Killed a red draconian
  2038 | D        | Killed a black draconian
  2039 | D        | Killed a purple draconian
  2039 | D        | Reached skill level 19 in Fighting
  2040 | D        | Killed a red draconian
  2043 | D        | Killed a red draconian
  2044 | D        | Killed a red draconian
  2045 | D        | Found a transporter.
  2047 | D        | Killed a yellow draconian
  2058 | D        | Got the ring of Tomorrow {Wiz rF+ Str+3}
  2250 | D        | Identified the Almanac of Confrontation (You found it in the Dungeon)
  2254 | D        | Entered arena 17.
  2263 | D        | Found a transporter.
  2333 | D        | Entered arena 18.
  2336 | D        | Noticed a greater mummy
  2337 | D        | Noticed an emperor scorpion
  2337 | D        | Noticed an emperor scorpion
  2342 | D        | Noticed an emperor scorpion
  2342 | D        | Noticed an emperor scorpion
  2342 | D        | Noticed an emperor scorpion
  2342 | D        | Noticed an emperor scorpion
  2343 | D        | Killed by a guardian mummy's death curse

Skill      XL: |  1  2  3  4  5  6  7  8  9 10 11 12 13 14 |
---------------+-------------------------------------------+-----
Fighting       | 5 8 9 10 12 13 14 16 18 19 | 19.7
Axes           | 5 8 9 10 11 13 14 16 18 | 18.0
Armour         | 3 6 7 9 11 13 14 16 18 | 18.1
Dodging        | 3 5 6 7 9 10 12 13 14 | 14.7
Shields        | 3 6 7 9 11 13 14 15 | 15.0
Invocations    | 3 7 9 10 13 | 13.6
Spellcasting   | 1 6 8 |  8.6
Fire Magic     | 2 9 12 | 12.0
Stealth        | |  1.5

Action                   |  1- 3 |  4- 6 |  7- 9 | 10-12 | 13-15 || total
-------------------------+-------+-------+-------+-------+-------++-------
Melee: Broad axe         |     6 |     2 |    14 |    35 |    60 ||   117
Invok: Slouch            |       |       |       |    17 |    21 ||    38
       Step From Time    |       |       |       |       |     1 ||     1
  Use: Potion            |     1 |       |       |       |     2 ||     3
       Scroll            |       |       |       |       |     1 ||     1
 Stab: Distracted        |       |     1 |       |     1 |     2 ||     4
  Eat: Chunk             |       |       |       |     1 |     1 ||     2
       Ration            |       |       |       |       |     1 ||     1
Armor: Gold dragon scale |     1 |       |     8 |    26 |    19 ||    54
Dodge: Dodged            |       |       |     1 |    10 |    13 ||    24
Block: Shield            |    10 |     2 |    26 |    77 |    61 ||   176
